 Dungeon Crawl Stone Soup version 0.26.1-11-gd32895ea62 (webtiles) character file.

Game seed: 15617303749626815979

9 phalm the Conjurer (level 2, -1/19 HPs)
             Began as a Demonspawn Conjurer on June 16, 2021.
             Slain by a jackal (2 damage)
             ... on level 1 of the Dungeon.
             The game lasted 00:00:42 (409 turns).

phalm the Conjurer (Demonspawn Conjurer)             Turns: 409, Time: 00:00:43

Health: -1/19      AC:  2    Str:  7    XL:     2   Next: 6%
Magic:  0/5        EV: 12    Int: 19    God:
Gold:   28         SH:  0    Dex: 11    Spells: 5/6 levels left

rFire    . . .     SeeInvis .   c - +0 club
rCold    . . .     Faith    .   (no shield)
rNeg     . . .     Spirit   .   a - +0 robe
rPois    .         Reflect  .   (no helmet)
rElec    .         Harm     .   (no cloak)
rCorr    .         Rampage  .   (no gloves)
Will     .....                  (no boots)
Stlth    +.........             (no amulet)
HPRegen  0.06/turn              (no ring)
MPRegen  0.09/turn              (no ring)

@: no status effects
A: hooves 1
a: no special abilities


You were on level 1 of the Dungeon.
You visited 1 branch of the dungeon, and saw 1 of its levels.

You collected 28 gold pieces.


Innate Abilities, Weirdness & Mutations

You have large cloven feet.


   Skills:
 - Level 1.7 Dodging
 - Level 1.7 Stealth
 * Level 2.5 Spellcasting
 + Level 4.1 Conjurations


You had 5 spell levels left.
You knew the following spells:

 Your Spells              Type           Power        Failure   Level
m - Magic Dart            Conj           72%          3%          1

Your spell library contained the following spells:

 Spells                   Type           Power        Failure   Level
 Searing Ray              Conj           36%          4%          2
 Dazzling Flash           Conj/Hex       20%          21%         3
 Fulminant Prism          Conj/Hex       5%           56%         4
 Iskenderun's Mystic Bla  Conj/Tloc      10%          56%         4

Inventory:

Hand Weapons
 c - a +0 club (weapon)
   (You took it off a goblin on level 1 of the Dungeon)
Missiles
 b - 4 javelins
 e - 5 boomerangs
Armour
 a - a +0 robe (worn)
Scrolls
 d - a scroll of identify {unknown}

Dungeon Overview and Level Annotations

Branches:
Dungeon (1/15)

Altars:

########..
#..(...)..
######.######.#
#.@h...# #h######
#.# #.# ###.####
#......#####
#.....>....# ##+##
#...##.###.###...##
#...##.#
#.##.....##


You could see 2 jackals.


Message History

The magic dart hits the goblin.
You kill the goblin! 😎 MP[-1]
You lost 1 mp, and now have 2/3 mp.
You can't see any susceptible monsters within range! (Use Z to cast anyway.)
There is a dry fountain here.
Things that are here:
a +0 club; a goblin corpse; 😎 MP[+1]
Your mp is fully restored (3).
c - a +0 club
c - a +0 club (weapon)
d - a scroll labelled UCHIEV NOSOM
Found a stone staircase leading down.
e - 5 boomerangs
There is a stone staircase leading down here.
A jackal comes into view.
The magic dart hits the jackal.
You kill the jackal!
A hobgoblin comes into view. It is wielding a +0 club. 😎 MP[-1]
You lost 1 mp, and now have 2/3 mp.
The magic dart hits the hobgoblin.
The hobgoblin shouts! 😎 MP[-1]
You lost 1 mp, and now have 1/3 mp.
The magic dart hits the hobgoblin.
You kill the hobgoblin!
A jackal comes into view. x2
You have reached level 2!
Your demonic ancestry asserts itself...
Your feet thicken and deform. 😎 HP[+6] MP[-1]
You now have 19 max hp (+6).
Your hp is fully restored (19).
You are too depleted to draw on your mana recklessly!
You are too depleted to draw on your mana recklessly!
The jackal barks! x2; You hear a bark!
The jackal misses you. 😎 MP[+1]
The jackal bites you but does no damage.
The jackal bites you. x2 😕 HP[-3]
You take 3 damage, and now have 16/19 hp.
You barely miss the jackal. The jackal barely misses you.
The jackal bites you. x2
The jackal misses you. 😮 HP[-3]
You take 3 damage, and now have 13/19 hp.
You hit the jackal but do no damage. Your kick misses the jackal.
The jackal bites you. The jackal closely misses you.
The jackal barely misses you. 😮 HP[-1]
You take 1 damage, and now have 12/19 hp.
Aiming: Magic Dart (safe; 3% risk of failure)
Press: ? - help, Q - select action, (/) - cycle Shift-Dir - straight line, f - jackal
Aim: a jackal (0% to evade)
The magic dart hits the jackal.
The jackal barely misses you. The jackal bites you.
The jackal barely misses you. 😮 HP[-2] MP[-1]
You take 2 damage, and now have 10/19 hp.
You lost 1 mp, and now have 0/5 mp.
You miss the jackal. The jackal bites you.
* * * LOW HITPOINT WARNING * * *
The jackal bites you.
* * * LOW HITPOINT WARNING * * *
A jackal comes into view.
The jackal closely misses you. The jackal barely misses you. 😨 HP[-3]
You take 3 damage, and now have 7/19 hp.
The jackal barks!
You hit the jackal but do no damage. You kick the jackal, but do no damage.
The jackal barely misses you. The jackal bites you.
* * * LOW HITPOINT WARNING * * *
The jackal bites you.
* * * LOW HITPOINT WARNING * * *
The jackal misses you. 😱 HP[-4]
You take 4 damage, and now have 3/19 hp.
MASSIVE DAMAGE!! (PAUSE)
You hit the jackal.
You kill the jackal!
The jackal bites you but does no damage.
The jackal bites you.
* * * LOW HITPOINT WARNING * * *
😱 HP[-1]
You take 1 damage, and now have 2/19 hp.
You hit the jackal. Your kick misses the jackal. The jackal misses you.
The jackal barely misses you. The jackal misses you. The jackal bites you.
* * * LOW HITPOINT WARNING * * *
You miss the jackal. The jackal closely misses you. The jackal bites you.
* * * LOW HITPOINT WARNING * * *
The jackal bites you but does no damage.
The jackal barely misses you. 😱 HP[-1] MP[+1]
You take 1 damage, and now have 1/19 hp.
Aiming: Magic Dart (safe; 3% risk of failure)
Press: ? - help, Q - select action, (/) - cycle Shift-Dir - straight line, f - jackal
Aim: a jackal (moderately wounded, 0% to evade)
The magic dart hits the jackal but does no damage.
The jackal bites you.
You die...

Action                   || total
-------------------------++-------
Melee: Club              ||     7
       Kick              ||     1
 Cast: Magic Dart        ||    12
Armor: Robe              ||     3
Dodge: Dodged            ||    16

Levels and vault maps discovered:
D:1:      lemuel_arrival_room, layout_loops_corners, grunt_decor_mini_mirrors,
          chequers_hall_statues_y

Notes
Turn   | Place    | Note
-------+----------+-------------------------------------------
     0 | D:1      | phalm the Demonspawn Conjurer began the quest for the Orb.
     0 | D:1      | Reached XP level 1. HP: 13/13 MP: 3/3
     0 | D:1      | magus.rc [v1.9.10]
   392 | D:1      | Gained mutation: You have large cloven feet. [demonic
                  | ancestry]
   392 | D:1      | Reached XP level 2. HP: 19/19 MP: 0/5
   405 | D:1      | HP: 4/19 [jackal (3)]
   408 | D:1      | HP: 1/19 [jackal (1)]
   409 | D:1      | Slain by a jackal

Vanquished Creatures
  A dart slug (D:1)
  A goblin (D:1)
  A hobgoblin (D:1)
  2 jackals (D:1)
  A ball python (D:1)
  A frilled lizard (D:1)
7 creatures vanquished.

Table legend:
 A = Non-vault XP
 B = Vault XP
 C = Vault XP percentage of total XP
 D = Non-vault monster count
 E = Vault monster count
 F = Vault count percentage of total count
                 A         B        C        D         E       F
            +---------+---------+-------+---------+---------+-------
      Total |      14 |       0 |   0.0 |       7 |       0 |   0.0
            +---------+---------+-------+---------+---------+-------
        D:1 |      14 |       0 |   0.0 |       7 |       0 |   0.0
            +---------+---------+-------+---------+---------+-------

Illustrated notes

Table legend:
 A = Kills in this place as a percentage of kills in entire the game.
 B = Kills by you in this place as a percentage of kills by you in the entire game.
 C = Kills by friends in this place as a percentage of kills by friends in the entire game.
 D = Other kills in this place as a percentage of other kills in the entire game.
 E = Experience gained in this place as a percentage of experience gained in the entire game.
 F = Experience gained in this place divided by the number of levels of this place that you have seen.
                   A       B       C       D       E      F
               +-------+-------+-------+-------+-------+----------------------
         Total | 100.0 | 100.0 |   N/A |   N/A | 100.0 |  14.0
       Dungeon | 100.0 | 100.0 |   N/A |   N/A | 100.0 |  14.0
               +-------+-------+-------+-------+-------+----------------------

Table legend: (Time is in decaauts)
 A = Elapsed time spent in this place.
 B = Non-inter-level travel time spent in this place.
 C = Inter-level travel time spent in this place.
 D = Time resting spent in this place.
 E = Time spent auto-exploring this place.
 F = Levels seen in this place.
 G = Mean time per level.
                   A        B        C        D        E       F      G
               +--------+--------+--------+--------+--------+-----+--------+
         Total |    410 |    410 |      0 |      0 |    373 |   1 |  410.0 |
       Dungeon |    410 |    410 |      0 |      0 |    373 |   1 |  410.0 |
               +--------+--------+--------+--------+--------+-----+--------+

Top non-repeatable levels by time:
     D:1: 410 daAuts
